 Dungeon Crawl Stone Soup version 0.31-a0-441-g867994ef1c (webtiles) character file.

Game seed: 10416049498323243845

205 CraigForest the Slasher (level 5, -3/32 HPs)
             Began as a Tengu Gladiator on Aug 2, 2023.
             Constricted to death by Ijyb (4 damage)
             ... on level 4 of the Dungeon.
             The game lasted 00:04:20 (2639 turns).

CraigForest the Slasher (Tengu Gladiator)           Turns: 2639, Time: 00:04:21

Health: -3/32      AC:  6    Str: 15    XL:     5   Next: 83%
Magic:  6/6        EV: 10    Int:  8    God:
Gold:   119        SH:  0    Dex: 17    Spells: 4/4 levels left

rFire   . . .        a - +3 long sword
rCold   . . .        (no shield)
rNeg    . . .        k - +0 scale mail
rPois   .            c - +0 hat
rElec   .            (no cloak)
rCorr   .            (no gloves)
SInv    .            (boots unavailable)
Will    .....        (no amulet) Stlth
                     (no ring)
HPRegen 0.25/turn    (no ring)
MPRegen 0.10/turn

%: no passive effects
@: grasped by roots, flying quickly and evasively, constricted, quick
A: beak, talons 3, nimble flight
a: no special abilities


You were on level 4 of the Dungeon.
You visited 1 branch of the dungeon, and saw 4 of its levels.

You collected 119 gold pieces.

Inventory:

Hand Weapons
 a - a +3 long sword (weapon)
Missiles
 d - 3 throwing nets (quivered)
 e - a javelin
Armour
 b - a +0 leather armour
 c - a +0 hat (worn)
 f - a +0 ring mail
 k - a +0 scale mail (worn)
Jewellery
 m - a ring of ice
 o - a ring of ice
Potions
 g - 2 potions of heal wounds
 h - a potion of enlightenment {unknown}
 j - 2 potions of attraction
 l - 4 potions of degeneration
 p - a potion of haste


   Skills:
 + Level 3.0 Fighting
 + Level 5.1 Long Blades
 + Level 2.1 Throwing
 + Level 2.2 Armour
 + Level 4.2 Dodging


You had 4 spell levels left.
You didn't know any spells.
Your spell library contained the following spells:

 Spells                   Type           Power      Damage    Failure   Level
 Call Canine Familiar     Summ           0%         N/A       99%         3
 Portal Projectile        Hex/Tloc       0%         N/A       99%         3
 Leda's Liquefaction      Hex/Erth       0%         N/A       100%        4
 Iskenderun's Battlesphe  Conj           0%         2d6       100%        5
 Leda's Unmaking          Conj/Erth      0%         9d1       100%        6
 Spellforged Servitor     Conj/Summ      0%         N/A       100%        7


Dungeon Overview and Level Annotations

Branches:
Dungeon (4/15)
 Temple: D:4-7

Altars:

Annotations:
D:4 Ijyb


Innate Abilities, Weirdness & Mutations

You have a beak for a mouth.
You have claws for feet.
Your magical nature lets you fly swiftly and evasively.


Message History

You see here a scorpion corpse.
Ijyb the Twisted Goblin comes into view.
She is wielding a +0 dagger and carrying a wand of roots.
Ijyb zaps a wand.
The roots erupt in riotous growth!
The grasping roots grab you! The grasping roots constrict you.
You escape the roots grasp.
Found a falchion.
Ijyb screams, "Me stronger than you!"
Ijyb zaps a wand.
The roots erupt in riotous growth!
The grasping roots grab you! The grasping roots constrict you.
You escape the roots grasp.
Ijyb zaps a wand.
The roots erupt in riotous growth!
The grasping roots grab you! The grasping roots constrict you.
You hear an angry hiss.
You escape the roots grasp.
Ijyb hits you with a +0 dagger.
You hit Ijyb. You claw Ijyb, but do no damage.
Ijyb is moderately wounded.
Ijyb zaps a wand.
The roots erupt in riotous growth!
The grasping roots grab you!
Ijyb is unaffected.
The grasping roots constrict you.
You hear an angry hiss. x2
You barely miss Ijyb. You claw Ijyb, but do no damage.
Ijyb is moderately wounded.
Ijyb hits you with a +0 dagger. The grasping roots constrict you.
You barely miss Ijyb. You claw Ijyb, but do no damage.
Ijyb is moderately wounded.
Ijyb closely misses you. The grasping roots constrict you!
* * * LOW HITPOINT WARNING * * *
You slash Ijyb! You claw Ijyb, but do no damage.
Ijyb is heavily wounded.
Ijyb hits you with a +0 dagger.
* * * LOW HITPOINT WARNING * * *
The grasping roots constrict you.
* * * LOW HITPOINT WARNING * * *
An endoplasm comes into view.
Ijyb hits you with a +0 dagger.
* * * LOW HITPOINT WARNING * * *
The grasping roots constrict you.
You die...

#.###......# #..
#.##..###### #..
#####.##.## #<.
#.........# #..
#.........# ###
............#
.########.#### ...######
#....####
..)...g@######....######
.J#####.......###†..>...
#######...........
#######..... #.....
#..... #..... #.....
######


You could see Ijyb and an endoplasm.

Vanquished Creatures
  An ogre (D:3)
  A scorpion (D:4)
  A worm (D:3)
  2 dart slugs
  6 orcs (D:3)
  An endoplasm (D:1)
  3 giant cockroaches
  4 goblins
  9 hobgoblins
  4 kobolds
  7 quokkas
  7 ball pythons
  A bat (D:1)
  A frilled lizard (D:1)
  3 rats
51 creatures vanquished.

Notes
Turn   | Place    | Note
-------+----------+-------------------------------------------
     0 | D:1      | CraigForest the Tengu Gladiator began the quest for the
                  | Orb.
     0 | D:1      | Reached XP level 1. HP: 12/12 MP: 2/2
   347 | D:1      | Reached XP level 2. HP: 12/17 MP: 3/3
  1348 | D:2      | Reached XP level 3. HP: 22/22 MP: 4/4
  1991 | D:3      | Noticed an ogre
  1996 | D:3      | Killed an ogre
  1997 | D:3      | Reached skill level 4 in Long Blades
  1997 | D:3      | Reached skill level 1 in Armour
  1997 | D:3      | Reached XP level 4. HP: 27/27 MP: 5/5
  1997 | D:3      | Gained mutation: Your magical nature lets you fly swiftly
                  | and evasively. [Tengu growth]
  1997 | D:3      | Reached XP level 5. HP: 32/32 MP: 6/6
  2585 | D:4      | Reached skill level 5 in Long Blades
  2630 | D:4      | Noticed Ijyb
  2639 | D:4      | HP: 1/32 [Ijyb/+0 dagger (2)]
  2639 | D:4      | Constricted to death by Ijyb

Illustrated notes

Levels and vault maps discovered:
D:1:      tarquinn_simple_flora_water_e, layout_basic, minmay_misc_feat_doors
D:2:      layout_loops_ring
D:3:      layout_basic
D:4:      layout_rooms, minmay_temple_entry_junction, uniq_ijyb

Skill      XL: |  1  2  3  4  5 |
---------------+----------------+-----
Long Blades    | 4 5 |  5.1
Armour         | 1 2 |  2.2
Dodging        | 4 |  4.2
Fighting       | 3 |  3.0
Throwing       | |  2.1

Action                     |  1- 3 |  4- 6 || total
---------------------------+-------+-------++-------
  Melee: Long sword        |    65 |    51 ||   116
         Peck              |    10 |     7 ||    17
         Kick              |    10 |    14 ||    24
         Punch             |       |     3 ||     3
    Use: Scroll            |       |    10 ||    10
 Armour: Ring mail         |    11 |       ||    11
         Scale mail        |    20 |    13 ||    33
  Dodge: Dodged            |    36 |    53 ||    89

Table legend: (Time is in decaauts)
 A = Elapsed time spent in this place.
 B = Non-inter-level travel time spent in this place.
 C = Inter-level travel time spent in this place.
 D = Time resting spent in this place.
 E = Time spent auto-exploring this place.
 F = Levels seen in this place.
 G = Mean time per level.
                   A        B        C        D        E       F      G
               +--------+--------+--------+--------+--------+-----+--------+
         Total |   2616 |   2534 |     82 |      0 |   2153 |   4 |  654.0 |
       Dungeon |   2616 |   2534 |     82 |      0 |   2153 |   4 |  654.0 |
               +--------+--------+--------+--------+--------+-----+--------+

Top non-repeatable levels by time:
     D:1: 1327 daAuts
     D:2: 676 daAuts
     D:3: 513 daAuts
     D:4: 99 daAuts
